 Dungeon Crawl Stone Soup version 0.24-a0-57-gac335f2 (webtiles) character file.

Game seed: 17979121279704571442

21 Amnesiac the Conjurer (level 2, -2/15 HPs)
             Began as a Tengu Conjurer on Feb 4, 2019.
             Killed from afar by an orc (3 damage)
             ... with a wand of flame (10)
             ... on level 3 of the Dungeon.
             The game lasted 00:01:54 (497 turns).

Amnesiac the Conjurer (Tengu Conjurer)               Turns: 497, Time: 00:01:55

Health: -2/15      AC:  4    Str:  8    XL:     2   Next: 83%
Magic:  1/6        EV: 10    Int: 15    God:
Gold:   0          SH:  0    Dex: 14    Spells: 4/5 levels left

rFire    . . .     SeeInvis .   d - +0 mace
rCold    . . .     Gourm    .   (no shield)
rNeg     . . .     Faith    .   h - -1 ring mail (curse)
rPois    .         Spirit   .   (helmet restricted)
rElec    .         Reflect  .   (no cloak)
rCorr    .         Harm     .   (no gloves)
MR       .....                  (boots unavailable)
Stlth    +.........             (no amulet)
HPRegen  0.05/turn              (no ring)
MPRegen  0.10/turn              (no ring)

@: no status effects
A: beak, talons 3
a: no special abilities


You were on level 3 of the Dungeon.
You were not hungry.

You visited 1 branch of the dungeon, and saw 3 of its levels.

Inventory:

Hand Weapons
 d - a +0 mace (weapon)
Armour
 a - a +0 robe
 h - a cursed -1 ring mail (worn)
Potions
 e - a potion of flight {!q, unknown}
 f - a potion of curing {!q}
Comestibles
 b - a chunk of flesh
 c - 4 rations


   Skills:
 - Level 2.1 Dodging
 - Level 2.0 Stealth
 + Level 2.4 Spellcasting
 - Level 6.0 Conjurations


You had 4 spell levels left.
You knew the following spells:

 Your Spells              Type           Power        Failure   Level  Hunger
a - Magic Dart            Conj           ###.         5%          1    #......

Your spell library contained the following spells:

 Spells                   Type           Power        Failure   Level  Hunger
 Searing Ray              Conj           ###...       9%          2    ###....
 Dazzling Spray           Conj/Hex       ##....       50%         3    ###....
 Iskenderun's Mystic Bla  Conj           ###.....     50%         4    #####..
 Force Lance              Conj/Tloc      ##......     88%         4    #####..
 Fulminant Prism          Conj/Hex       ##........   88%         4    #####..


Dungeon Overview and Level Annotations

Branches:
Dungeon (3/15)

Altars:


Innate Abilities, Weirdness & Mutations

You have a beak for a mouth.
You have claws for feet.


Message History

You hit the kobold.
The kobold is severely wounded.
The kobold hits you but does no damage. x2
You closely miss the kobold.
The kobold is severely wounded.
The kobold hits you but does no damage.
You hit the kobold.
You kill the kobold!
You start resting.
HP restored.
You start resting.
An orc comes into view. It is wielding a +0 mace.
Casting: Magic Dart (safe; 5% risk of failure)
Confirm with . or Enter, or press ? or * to list all spells.
Aiming: Magic Dart (safe; 5% risk of failure)
Press: ? - help, Shift-Dir - straight line, f - orc
Aim: an orc, wielding a +0 mace and wearing a +0 scale mail (hasn't noticed you)
You miscast Magic Dart.
You are very lightly contaminated with residual magic.
You are momentarily dazzled by a flash of light!
The orc shouts!
You hear a shout! x4
Casting: Magic Dart (safe; 5% risk of failure)
Confirm with . or Enter, or press ? or * to list all spells.
Aiming: Magic Dart (safe; 5% risk of failure)
Press: ? - help, Shift-Dir - straight line, f/p - orc
Aim: an orc, wielding a +0 mace and wearing a +0 scale mail The magic dart hits the orc but does no damage.
An orc comes into view. It is wielding a +0 hand axe.
Casting: Magic Dart (safe; 5% risk of failure)
Confirm with . or Enter, or press ? or * to list all spells.
Aiming: Magic Dart (safe; 5% risk of failure)
Press: ? - help, Shift-Dir - straight line, f/p - orc
Aim: an orc, wielding a +0 mace and wearing a +0 scale mail The magic dart hits the orc but does no damage.
The orc hits you with a +0 mace.
Casting: Magic Dart (safe; 5% risk of failure)
Confirm with . or Enter, or press ? or * to list all spells.
Aiming: Magic Dart (safe; 5% risk of failure)
Press: ? - help, Shift-Dir - straight line, f/p - orc
Aim: an orc, wielding a +0 mace and wearing a +0 scale mail The magic dart hits the orc but does no damage.
An orc comes into view. It is carrying a wand of flame (10).
The orc closely misses you.
Casting: Magic Dart (safe; 5% risk of failure)
Confirm with . or Enter, or press ? or * to list all spells.
Aiming: Magic Dart (safe; 5% risk of failure)
Press: ? - help, Shift-Dir - straight line, f/p - orc
Aim: an orc, wielding a +0 mace and wearing a +0 scale mail The magic dart hits the orc but does no damage.
You see here a kobold corpse.
An orc comes into view. It is wielding a +0 short sword.
You hit the orc.
The orc is moderately wounded.
The orc hits you with a +0 mace!
* * * LOW HITPOINT WARNING * * *
Some of the chunks of flesh in your inventory have rotted away.
You hit the orc but do no damage.
The orc is moderately wounded.
The orc hits you with a +0 mace.
* * * LOW HITPOINT WARNING * * *
Unknown command.
Your magical contamination has completely faded away.
The orc zaps a wand.
The puff of flame hits you.
You die...

##.#.########.#...###
# #.# ..# #o# .# #o#
.. #o# .# #o# # # #.#
.# #######.#..##
.......@....#
#######...#.# ....#
#.##.# #. .# #. .# #.
.# #.


You could see 4 orcs.

Vanquished Creatures
  An ooze (D:2)
  A worm (D:3)
  A bat (D:3)
  A giant cockroach (D:2)
  2 goblins (D:1)
  2 hobgoblins
  A kobold (D:3)
  A quokka (D:3)
  A frilled lizard (D:2)
  2 rats (D:3)
13 creatures vanquished.

Notes
Turn   | Place    | Note
-------+----------+-------------------------------------------
     0 | D:1      | Amnesiac the Tengu Conjurer began the quest for the Orb.
     0 | D:1      | Reached XP level 1. HP: 10/10 MP: 4/4
    90 | D:2      | Reached XP level 2. HP: 7/15 MP: 0/6
   127 | D:2      | Reached skill level 6 in Conjurations
   497 | D:3      | Killed from afar by an orc

Vault maps used:
D:1:      dpeg_arrival_oval, minmay_misc_feat_x
D:2:      first_ration, uniq_sigmund, uniq_jessica, uniq_crazy_yiuf_cottage
D:3:      marbit_many_paths

Skill      XL: |  1  2 |
---------------+-------+-----
Conjurations   | 6 |  6.0
Dodging        | |  2.1
Stealth        | |  2.0
Spellcasting   | |  2.4

Action                   || total
-------------------------++-------
Melee: Mace              ||     5
       Unarmed           ||     4
       Peck              ||     1
 Cast: Magic Dart        ||    39
  Use: Scroll            ||     2
Armor: Robe              ||     5
       Ring mail         ||     4
Dodge: Dodged            ||    17

Table legend:
 A = Non-vault XP
 B = Vault XP
 C = Vault XP percentage of total XP
 D = Non-vault monster count
 E = Vault monster count
 F = Vault count percentage of total count
                 A         B        C        D         E       F
            +---------+---------+-------+---------+---------+-------
      Total |      30 |       0 |   0.0 |      13 |       0 |   0.0
            +---------+---------+-------+---------+---------+-------
        D:1 |       3 |       0 |   0.0 |       2 |       0 |   0.0
        D:2 |      12 |       0 |   0.0 |       4 |       0 |   0.0
        D:3 |      15 |       0 |   0.0 |       7 |       0 |   0.0
            +---------+---------+-------+---------+---------+-------
